TOP OF THE 1ST |
Detroit X-Wings batting - Pitching for Indiana Hounds : RHP Alvin Heath
|
Pitching: RHP Alvin Heath
|
|
Batting: RHB Júlio López
|
0-0: Called Strike 0-1: Ball 1-1: Ball 2-1: Ball 3-1: Fly out, F7 (Flyball, 78M)
|
Batting: RHB John Moore
|
0-0: Bunted foul 0-1: Ball 1-1: Ball 2-1: Ball 3-1: Base on Balls
|
Batting: RHB Merlin Morris
|
0-0: Ball 1-0: Fly out, F7 (Flyball, 7)
|
Batting: RHB Robby Lewis
|
0-0: Called Strike 0-1: Ball 1-1: Ball 2-1: Called Strike 2-2: Strikes out swinging
|
Top of the 1st over - 0 run(s), 0 hit(s), 0 error(s), 1 left on base; Detroit 0 - Indiana 0 |
BOTTOM OF THE 1ST |
Indiana Hounds batting - Pitching for Detroit X-Wings : RHP Brian Smith
|
Pitching: RHP Brian Smith
|
|
Batting: RHB Javier Martínez
|
0-0: Ball 1-0: Foul Ball, location: 2F 1-1: SINGLE (Line Drive, 6M)
|
Batting: RHB Enrico Bonizo
|
0-0: Ball 1-0: Foul Ball, location: 2F 1-1: Ball 2-1: Ball 3-1: Fielders Choice at 2nd, 4-6 (Groundball, 34)
|
Batting: RHB Bob Lazzeri
|
0-0: Ball 1-0: Ball 2-0: Ball 3-0: Base on Balls Enrico Bonizo to second
|
Batting: LHB Larry Smith
|
0-0: Ball 1-0: Ball 2-0: Ball 3-0: Called Strike 3-1: Foul Ball, location: 2F 3-2: Base on Balls Enrico Bonizo to third Bob Lazzeri to second
|
Batting: LHB Tommy Evans
|
0-0: Ball 1-0: Ball 2-0: Foul Ball, location: 2F 2-1: Foul Ball, location: 2F 2-2: Ball 3-2: Fielders Choice at 2nd, 3-6 (Groundball, 34) Enrico Bonizo scores Bob Lazzeri to third
|
Batting: LHB Junior Coates
|
0-0: Ball 1-0: Ball 2-0: Ball 3-0: Called Strike 3-1: Base on Balls Tommy Evans to second
|
Batting: LHB Mario Álvarez
|
0-0: Ball 1-0: Fly out, F8 (Flyball, 8RM)
|
Bottom of the 1st over - 1 run(s), 1 hit(s), 0 error(s), 3 left on base; Detroit 0 - Indiana 1 |
TOP OF THE 2ND |
Detroit X-Wings batting - Pitching for Indiana Hounds : RHP Alvin Heath
|
Batting: RHB Enrique Aguilar
|
0-0: Foul Ball, location: 2F 0-1: Called Strike 0-2: Ground out 5-3 (Groundball, 56)
|
Batting: RHB Keith Sims
|
0-0: Ball 1-0: Fly out, F8 (Flyball, 8LM)
|
Batting: LHB Jeremy Cox
|
0-0: Called Strike 0-1: Ball 1-1: Foul Ball, location: 2F 1-2: SOLO HOME RUN (Flyball, 7LD), Distance : 314 ft
|
Batting: SHB Felipe Detorres
|
0-0: Ball 1-0: Foul Ball, location: 2F 1-1: Foul Ball, location: 2F 1-2: Strikes out swinging
|
Top of the 2nd over - 1 run(s), 1 hit(s), 0 error(s), 0 left on base; Detroit 1 - Indiana 1 |
BOTTOM OF THE 2ND |
Indiana Hounds batting - Pitching for Detroit X-Wings : RHP Brian Smith
|
Batting: LHB John Cotton
|
0-0: Ball 1-0: Called Strike 1-1: Foul Ball, location: 2F 1-2: Strikes out swinging
|
Batting: LHB Pepe Vázquez
|
0-0: Ball 1-0: Ball 2-0: Fly out, F4 (Popup, 3D)
|
Batting: RHB Javier Martínez
|
0-0: Called Strike 0-1: Ball 1-1: Ball 2-1: Ball 3-1: Called Strike 3-2: Strikes out swinging
|
Bottom of the 2nd over - 0 run(s), 0 hit(s), 0 error(s), 0 left on base; Detroit 1 - Indiana 1 |
TOP OF THE 3RD |
Detroit X-Wings batting - Pitching for Indiana Hounds : RHP Alvin Heath
|
Batting: RHB Oliver Acevedo
|
0-0: Ball 1-0: Fly out, F4 (Popup, 4)
|
Batting: RHB Júlio López
|
0-0: SINGLE (Line Drive, 4D)
|
Batting: RHB John Moore
|
Pickoff Throw to First - Error! E1 Júlio López to second 0-0: Ball 1-0: Ball 2-0: Called Strike 2-1: Fly out, F7 (Flyball, 78M)
|
Batting: RHB Merlin Morris
|
0-0: Foul Ball, location: 2F 0-1: Ball 1-1: Ball 2-1: Fly out, F8 (Line Drive, 8RM)
|
Top of the 3rd over - 0 run(s), 1 hit(s), 1 error(s), 1 left on base; Detroit 1 - Indiana 1 |
BOTTOM OF THE 3RD |
Indiana Hounds batting - Pitching for Detroit X-Wings : RHP Brian Smith
|
Batting: RHB Enrico Bonizo
|
0-0: Foul Ball, location: 2F 0-1: Ball 1-1: Fly out, F9 (Flyball, 9S)
|
Batting: RHB Bob Lazzeri
|
0-0: Called Strike 0-1: Ball 1-1: Ball 2-1: Swinging Strike 2-2: Ball 3-2: Strikes out swinging
|
Batting: LHB Larry Smith
|
0-0: Called Strike 0-1: Ball 1-1: Ball 2-1: Ball 3-1: Foul Ball, location: 2F 3-2: Base on Balls
|
Batting: LHB Tommy Evans
|
0-0: Called Strike 0-1: Ball 1-1: Fielders Choice at 2nd, 5-4 (Groundball, 56)
|
Bottom of the 3rd over - 0 run(s), 0 hit(s), 0 error(s), 0 left on base; Detroit 1 - Indiana 1 |
TOP OF THE 4TH |
Detroit X-Wings batting - Pitching for Indiana Hounds : RHP Alvin Heath
|
Batting: RHB Robby Lewis
|
0-0: Ball 1-0: Swinging Strike 1-1: Ball 2-1: Swinging Strike 2-2: Strikes out swinging
|
Batting: RHB Enrique Aguilar
|
0-0: Swinging Strike 0-1: Ball 1-1: Called Strike 1-2: Foul Ball, location: 2F 1-2: Foul Ball, location: 2F 1-2: Ball 2-2: SINGLE (Groundball, 56D)
|
Batting: RHB Keith Sims
|
0-0: Called Strike 0-1: Called Strike 0-2: Fielders Choice at 2nd, 4-6 (Groundball, 4)
|
Batting: LHB Jeremy Cox
|
0-0: Ball 1-0: Swinging Strike 1-1: Ball 2-1: Swinging Strike 2-2: Strikes out looking
|
Top of the 4th over - 0 run(s), 1 hit(s), 0 error(s), 1 left on base; Detroit 1 - Indiana 1 |
BOTTOM OF THE 4TH |
Indiana Hounds batting - Pitching for Detroit X-Wings : RHP Brian Smith
|
Batting: LHB Junior Coates
|
0-0: Ball 1-0: Ball 2-0: Ball 3-0: Base on Balls
|
Batting: LHB Mario Álvarez
|
0-0: Ball 1-0: Ball 2-0: Called Strike 2-1: Fly out, F3 (Popup, 3S)
|
Batting: LHB John Cotton
|
0-0: Ball 1-0: Ball 2-0: Called Strike 2-1: Ball 3-1: Base on Balls Junior Coates to second
|
Batting: LHB Pepe Vázquez
|
0-0: SINGLE (Line Drive, 9LS) Junior Coates to third John Cotton to second Runner from 3rd tries for Home, SAFE, no throw
|
Batting: RHB Javier Martínez
|
0-0: Ball 1-0: Ball 2-0: Called Strike 2-1: Called Strike 2-2: Ball 3-2: Foul Ball, location: 2F 3-2: Foul Ball, location: 2F 3-2: Strikes out swinging
|
Batting: RHB Enrico Bonizo
|
0-0: Ball 1-0: Foul Ball, location: 2F 1-1: Foul Ball, location: 2F 1-2: SINGLE (Groundball, 5D) John Cotton to third Pepe Vázquez to second Runner from 3rd tries for Home, SAFE, no throw
|
Batting: RHB Bob Lazzeri
|
0-0: Ball 1-0: Called Strike 1-1: Swinging Strike 1-2: SINGLE (Flyball, 8RS) Pepe Vázquez to third Enrico Bonizo to second Runner from 3rd tries for Home, SAFE, no throw
|
Batting: LHB Larry Smith
|
0-0: Called Strike 0-1: Swinging Strike 0-2: Ball 1-2: Foul Ball, location: 2F 1-2: Ball 2-2: Fly out, F8 (Flyball, 78XD)
|
Bottom of the 4th over - 3 run(s), 3 hit(s), 0 error(s), 2 left on base; Detroit 1 - Indiana 4 |
TOP OF THE 5TH |
Detroit X-Wings batting - Pitching for Indiana Hounds : RHP Alvin Heath
|
Batting: SHB Felipe Detorres
|
0-0: Ball 1-0: SINGLE (Line Drive, 34D)
|
Batting: RHB Oliver Acevedo
|
0-0: Swinging Strike 0-1: Called Strike 0-2: Ball 1-2: Foul Ball, location: 2F 1-2: Strikes out swinging
|
Batting: RHB Júlio López
|
0-0: Called Strike 0-1: Ball 1-1: Grounds into double play, 4-6-3 (Groundball, 34)
|
Top of the 5th over - 0 run(s), 1 hit(s), 0 error(s), 0 left on base; Detroit 1 - Indiana 4 |
BOTTOM OF THE 5TH |
Indiana Hounds batting - Pitching for Detroit X-Wings : RHP Brian Smith
|
Pitching: LHP Clarence Skerratt
|
|
Batting: LHB Tommy Evans
|
0-0: Swinging Strike 0-1: Ball 1-1: Ball 2-1: SINGLE (Groundball, 4D)
|
Batting: LHB Junior Coates
|
0-0: Grounds into double play, 3-6-3 (Groundball, 3)
|
Batting: LHB Mario Álvarez
|
0-0: Foul Ball, location: 2F 0-1: Swinging Strike 0-2: Fly out, F3 (Popup, 3L)
|
Bottom of the 5th over - 0 run(s), 1 hit(s), 0 error(s), 0 left on base; Detroit 1 - Indiana 4 |
TOP OF THE 6TH |
Detroit X-Wings batting - Pitching for Indiana Hounds : RHP Alvin Heath
|
Batting: RHB John Moore
|
0-0: Ball 1-0: Foul Ball, location: 2F 1-1: DOUBLE (Line Drive, 9)
|
Batting: RHB Merlin Morris
|
0-0: Ball 1-0: Called Strike 1-1: Called Strike 1-2: Ball 2-2: Foul Ball, location: 2F 2-2: Foul Ball, location: 2F 2-2: Strikes out swinging
|
Batting: RHB Robby Lewis
|
0-0: Called Strike 0-1: Ball 1-1: Ball 2-1: Swinging Strike 2-2: Strikes out swinging
|
Batting: RHB Enrique Aguilar
|
0-0: Ball 1-0: DOUBLE (Line Drive, 9LM) John Moore scores
|
Batting: RHB Keith Sims
|
0-0: DOUBLE (Flyball, 8RXD) Enrique Aguilar scores
|
Batting: LHB Jeremy Cox
|
0-0: Called Strike 0-1: Ball 1-1: Foul Ball, location: 2F 1-2: Ground out U3 (Groundball, 34)
|
Top of the 6th over - 2 run(s), 3 hit(s), 0 error(s), 1 left on base; Detroit 3 - Indiana 4 |
BOTTOM OF THE 6TH |
Indiana Hounds batting - Pitching for Detroit X-Wings : LHP Clarence Skerratt
|
Batting: LHB John Cotton
|
0-0: Ball 1-0: Called Strike 1-1: Foul Ball, location: 2F 1-2: Ball 2-2: Ball 3-2: Base on Balls
|
Batting: LHB Pepe Vázquez
|
0-0: Ball 1-0: Fly out, F8 (Flyball, 8RD)
|
Batting: RHB Javier Martínez
|
0-0: Ball 1-0: Foul Ball, location: 2F 1-1: Foul Ball, location: 2F 1-2: Foul Ball, location: 2F 1-2: Foul Ball, location: 2F 1-2: Ball 2-2: Foul Ball, location: 2F 2-2: Fly out, F8 (Line Drive, 8LM)
|
Batting: RHB Enrico Bonizo
|
0-0: Foul Ball, location: 2F 0-1: Foul Ball, location: 2F 0-2: Strikes out swinging
|
Bottom of the 6th over - 0 run(s), 0 hit(s), 0 error(s), 1 left on base; Detroit 3 - Indiana 4 |
TOP OF THE 7TH |
Detroit X-Wings batting - Pitching for Indiana Hounds : RHP Alvin Heath
|
Batting: SHB Felipe Detorres
|
0-0: Ball 1-0: Ball 2-0: Called Strike 2-1: Ground out 5-3 (Groundball, 56S)
|
Batting: RHB Oliver Acevedo
|
0-0: SINGLE (Groundball, 4D)
|
Batting: RHB Júlio López
|
0-0: Called Strike 0-1: Ball 1-1: Ball 2-1: Ball 3-1: Swinging Strike 3-2: Strikes out looking
|
Pitching: RHP António Encarnación
|
|
Batting: RHB John Moore
|
0-0: Ball 1-0: Ball 2-0: Ball 3-0: Base on Balls Oliver Acevedo to second
|
Batting: RHB Merlin Morris
|
0-0: Called Strike 0-1: SINGLE (Line Drive, 7S) Oliver Acevedo to third John Moore to second
|
Batting: RHB Robby Lewis
|
0-0: Called Strike 0-1: Fly out, F7 (Flyball, 7)
|
Top of the 7th over - 0 run(s), 2 hit(s), 0 error(s), 3 left on base; Detroit 3 - Indiana 4 |
BOTTOM OF THE 7TH |
Indiana Hounds batting - Pitching for Detroit X-Wings : LHP Clarence Skerratt
|
Batting: RHB Bob Lazzeri
|
0-0: Ball 1-0: Ball 2-0: Ground out U3 (Groundball, 3)
|
Batting: LHB Larry Smith
|
0-0: Foul Ball, location: 2F 0-1: Called Strike 0-2: Ball 1-2: Strikes out swinging
|
Batting: LHB Tommy Evans
|
0-0: Ground out 6-3 (Groundball, 6)
|
Bottom of the 7th over - 0 run(s), 0 hit(s), 0 error(s), 0 left on base; Detroit 3 - Indiana 4 |
TOP OF THE 8TH |
Detroit X-Wings batting - Pitching for Indiana Hounds : RHP António Encarnación
|
Pitching: RHP Porter Warren
|
|
Batting: RHB Enrique Aguilar
|
0-0: Ball 1-0: Ground out 5-3 (Groundball, 5)
|
Batting: RHB Keith Sims
|
0-0: Called Strike 0-1: Called Strike 0-2: Ball 1-2: Foul Ball, location: 2F 1-2: Strikes out swinging
|
Pitching: RHP Ronald Moore
|
|
Batting: LHB Jeremy Cox
|
0-0: Swinging Strike 0-1: Called Strike 0-2: Ball 1-2: Ball 2-2: Strikes out swinging
|
Top of the 8th over - 0 run(s), 0 hit(s), 0 error(s), 0 left on base; Detroit 3 - Indiana 4 |
BOTTOM OF THE 8TH |
Indiana Hounds batting - Pitching for Detroit X-Wings : LHP Clarence Skerratt
|
Batting: LHB Junior Coates
|
0-0: Called Strike 0-1: Ball 1-1: Ball 2-1: Ball 3-1: Foul Ball, location: 2F 3-2: DOUBLE (Line Drive, 89D)
|
Batting: LHB Mario Álvarez
|
0-0: Ball 1-0: Ball 2-0: Swinging Strike 2-1: Foul Ball, location: 2F 2-2: Strikes out swinging
|
Pinch Hitting: RHB Juan Jose Guevana
|
0-0: Intentional Walk
|
Pinch Hitting: SHB Dave MacThomas
|
0-0: Ball 1-0: Grounds into double play, 1-6-3 (Groundball, 13)
|
Bottom of the 8th over - 0 run(s), 1 hit(s), 0 error(s), 1 left on base; Detroit 3 - Indiana 4 |
TOP OF THE 9TH |
Detroit X-Wings batting - Pitching for Indiana Hounds : RHP Ronald Moore
|
Pitching: LHP Roberto Barrón
|
|
Now at 2B: Dave MacThomas
|
|
Now in LF: Juan Jose Guevana
|
|
Batting: SHB Felipe Detorres
|
0-0: Ball 1-0: Foul Ball, location: 2F 1-1: Ball 2-1: SINGLE (Line Drive, 4M)
|
Batting: RHB Oliver Acevedo
|
0-0: Called Strike 0-1: Bunted foul 0-2: Strikes out swinging
|
Batting: RHB Júlio López
|
0-0: Called Strike 0-1: Swinging Strike 0-2: Ball 1-2: Ball 2-2: Strikes out swinging
|
Batting: RHB John Moore
|
0-0: Ball 1-0: Called Strike 1-1: SINGLE (Groundball, 56D) Felipe Detorres to second
|
Batting: RHB Merlin Morris
|
0-0: Swinging Strike 0-1: Foul Ball, location: 2F 0-2: Ball 1-2: Ball 2-2: Foul Ball, location: 2F 2-2: Ground out 5-3 (Groundball, 56S)
|
Top of the 9th over - 0 run(s), 2 hit(s), 0 error(s), 2 left on base; Detroit 3 - Indiana 4 |
|